 Dungeon Crawl Stone Soup version 0.25-a0-35-g747a2b3c0c (webtiles) character file.

Game seed: 5640967728896071654, levelgen mode: deterministic

68262 blacksnow the Severer (level 14, -6/130 HPs)
             Began as a Minotaur Berserker on Oct 11, 2019.
             Was the Champion of Trog.
             Mangled by a catoblepas (12 damage)
             ... while petrified by you
             ... on level 14 of the Dungeon on Oct 18, 2019.
             The game lasted 01:31:43 (25045 turns).

blacksnow the Severer (Minotaur Berserker)         Turns: 25045, Time: 01:31:44

Health: -6/130     AC: 16    Str: 25    XL:     14   Next: 86%
Magic:  10/10      EV:  2    Int:  9    God:    Trog [******]
Gold:   1761       SH:  0    Dex: 21    Spells: 13/13 levels left

rFire    + + +     SeeInvis .   a - +3 battleaxe (antimagic)
rCold    + . .     Gourm    .   (shield currently unavailable)
rNeg     + + +     Faith    .   i - +5 scale mail of Haalayvu {+Inv rC+ MP+9}
rPois    ∞         Spirit   .   r - -2 hat of the Alchemist {rElec rPois rF+ rC+ rN+ MR+ rMut rCorr}
rElec    +         Reflect  .   j - +1 cloak
rCorr    +         Harm     +   s - +0 pair of gloves
rMut     +                      (no boots)
MR       +....                  B - amulet "Figrul Jida" {Harm *Drain rElec rPois rF++}
Stlth    ..........             Q - ring of Secorah {Fire rPois MR- MP+9 Dex+3}
HPRegen  0.31/turn              T - +6 ring of dexterity
MPRegen  0.12/turn

@: brilliant, petrified, studying Throwing
A: retaliatory headbutt, horns 2
a: Berserk, Trog's Hand, Brothers in Arms, Renounce Religion, Evoke Invisibility


You were on level 14 of the Dungeon.
You worshipped Trog.
Trog was exalted by your worship.
You were not hungry.

You visited 3 branches of the dungeon, and saw 22 of its levels.
You also visited: Gauntlet.

You collected 1761 gold pieces.

Inventory:

Hand Weapons
 a - a +3 antimagic battleaxe (weapon)
   (Trog gifted it to you on level 12 of the Dungeon)
 b - a +3 flail
   (You took it off a wight on level 5 of the Dungeon)
Missiles
 l - 4 silver boomerangs (quivered)
 E - 3 throwing nets {!f}
Armour
 i - the +5 scale mail of Haalayvu (worn) {+Inv rC+ MP+9}
   (You found it on level 9 of the Dungeon)

   It protects you from cold.
   It affects your magic capacity (+9).
   It lets you turn invisible.
 j - a +1 cloak (worn)
   (You found it on level 1 of the Dungeon)
 r - the -2 hat of the Alchemist (worn) {rElec rPois rF+ rC+ rN+ MR+ rMut rCorr}
   (You found it on level 5 of the Lair of Beasts)

   It protects you from fire.
   It protects you from cold.
   It insulates you from electricity.
   It protects you from poison.
   It protects you from negative energy.
   It affects your resistance to hostile enchantments.
   It provides partial protection from all sources of acid and corrosion.
   It protects you from mutation.
 s - a +0 pair of gloves (worn)
   (You found it on level 5 of the Dungeon)
Jewellery
 o - an uncursed ring of protection from cold
   (You took it off a centaur on level 10 of the Dungeon)
 B - the amulet "Figrul Jida" (around neck) {Harm *Drain rElec rPois rF++}
   (You found it on level 7 of the Dungeon)

   [amulet of harm]

   It increases damage dealt and taken.
   It greatly protects you from fire.
   It insulates you from electricity.
   It protects you from poison.
   It causes draining when unequipped.
 H - a +1 ring of evasion
   (You found it on level 9 of the Dungeon)
 O - an uncursed ring of fire
   (You found it on level 3 of the Lair of Beasts)
 Q - the ring of Secorah (left hand) {Fire rPois MR- MP+9 Dex+3}
   (You found it on level 12 of the Dungeon)

   [ring of fire]

   It enhances your fire magic.
   It affects your dexterity (+3).
   It protects you from fire.
   It makes you vulnerable to cold.
   It protects you from poison.
   It affects your resistance to hostile enchantments.
   It affects your magic capacity (+9).
 T - a +6 ring of dexterity (right hand)
   (You found it on level 5 of the Dungeon)
 W - an uncursed ring of flight
   (You found it on level 1 of the Lair of Beasts)
Wands
 d - a wand of iceblast (17)
   (You found it on level 8 of the Dungeon)
 u - a wand of paralysis (20)
   (You found it on level 4 of the Lair of Beasts)
 v - a wand of digging (10)
   (You found it on level 3 of the Lair of Beasts)
 x - a wand of acid (3)
   (You found it on level 12 of the Dungeon)
Scrolls
 c - a scroll of silence
 h - 2 scrolls of fog
 p - 13 scrolls of remove curse {@r2}
 q - 3 scrolls of magic mapping
 y - 15 scrolls of identify {@r1}
 z - 5 scrolls of teleportation {@r4}
 A - 6 scrolls of enchant armour
 C - 3 scrolls of blinking
 L - 3 scrolls of immolation {!r}
 M - 3 scrolls of enchant weapon
 R - 4 scrolls of fear
Potions
 f - 3 potions of haste {@q3}
 g - a potion of resistance
 m - 4 potions of lignification {!q}
 w - 2 potions of brilliance
 D - 2 potions of might
 G - 9 potions of curing {@q1}
 I - 2 potions of ambrosia
 K - 3 potions of magic
 U - 5 potions of flight
 Z - 2 potions of invisibility
Books
 X - a manual of Throwing {!d}
   (You found it on level 1 of the Lair of Beasts)
Comestibles
 e - 26 rations {!d}
 n - 4 chunks of flesh


   Skills:
 + Level 13.8 Fighting
 * Level 18.3 Axes
 + Level 10.5 Throwing
 + Level 13.6 Armour
 + Level 12.6 Dodging


You had 13 spell levels left.
You didn't know any spells.
Your spell library was empty.

Dungeon Overview and Level Annotations

Branches:
Dungeon (14/15)            Temple (0/1) D:4            Lair (6/6) D:11
  Swamp (0/4) Lair:4       Spider (0/4) Lair:2        Slime (0/5) Lair:6
    Orc (2/2) D:9             Elf (0/3) Orc:2        Vaults (0/5) D:14
Gauntlet (visited)

Altars:
Ashenzari
Cheibriados
Dithmenos
Elyvilon
Fedhas
Gozag
Hepliaklqana
Kikubaaqudgha
Nemelex Xobeh
Qazlal
Sif Muna
Vehumet
Yredelemnul
The Shining One
Beogh

Shops:
D:5 ?   D:13 (   Orc:2 *(=[

Annotations:
D:13 3 runed translucent doors, Xygycw's ghost, journeyman GrFi
Lair:1 exclusion: oklob plant
Lair:2 exclusion: oklob plant
Lair:4 3 runed translucent doors, SkaryMonk's ghost, journeyman OgIE
Lair:6 2 runed translucent doors


Innate Abilities, Weirdness & Mutations

You reflexively headbutt those who attack you in melee.
You have a pair of horns on your head.


Message History

The helpless vault guard fails to defend itself.
You slash the vault guard!
The helpless vault guard fails to defend itself.
You slash the vault guard!
The vault guard is engulfed in calcifying dust.
Unknown command.
You hit the vault guard.
The helpless vault guard fails to defend itself.
You slice the vault guard!! You slash the catoblepas!
The helpless vault guard fails to defend itself.
You hit the vault guard.
The vault guard is engulfed in calcifying dust.
The vault guard closely misses you.
You slice the vault guard!!
You kill the vault guard!
Trog accepts your kill.
The helpless vault guard fails to defend itself.
You hit the vault guard. You hit the catoblepas.
The helpless vault guard fails to defend itself.
You slash the vault guard!
You kill the vault guard!
Trog accepts your kill.
The catoblepas breathes a plume of calcifying dust at you.
The blast of calcifying dust hits you but does no damage.
The blast of calcifying dust hits the shadow imp.
You are engulfed in calcifying dust.
You are slowing down.
The shadow imp is engulfed in calcifying dust.
The shadow imp is moving more slowly.
The shadow imp barely misses you.
Things that are here:
a +0 broad axe; a +0 chain mail You slash the shadow imp!
You kill the shadow imp!
Trog accepts your kill.
You hit the catoblepas.
You are engulfed in calcifying dust.
Your limbs have turned to stone.
The catoblepas gores you but does no damage.
You have turned to stone.
You are engulfed in calcifying dust.
The catoblepas gores you!
* * * LOW HITPOINT WARNING * * *
You are engulfed in calcifying dust.
The catoblepas gores you!!
* * * LOW HITPOINT WARNING * * *
The vault guard is no longer petrified.
The catoblepas gores you but does no damage.
The catoblepas gores you!!
* * * LOW HITPOINT WARNING * * *
The catoblepas gores you!
* * * LOW HITPOINT WARNING * * *
The catoblepas gores you!!
You die...

....## .## .....## ##.##
......## ... .......##
.∩. ........##.# ...
8[.......##.# #.#
..........#.# #.#
....÷.....#.# #.#
..........+.# #@#
8...8.....+.####Y####...
..........+...§)p)§.....
..........#.............
..........#.............
8........##.............
........##...........###
.......##)...........#
......##.............#


You could see a catoblepas and a vault guard.

Vanquished Creatures
  Saint Roka (Orc:2)
  Kirke (D:13)
  Gastronok (Lair:3)
  Snorg (D:10)
  Josephine (D:10)
  4 hydras
  7 vault guards (D:14)
  Harold (D:7)
  A catoblepas (D:14)
  A death knight (D:9)
  2 centaur warriors
  2 orc high priests (Orc:2)
  2 two-headed ogres
  Urug (Orc:2)
  Nergalle (Lair:3)
  2 fire crabs (Lair:3)
  2 unseen horrors
  A lindwurm (Lair:6)
  2 ugly things
  3 orc knights
  3 orc sorcerers (Orc:2)
  A mana viper (shapeshifter) (D:13)
  2 cyclopes
  4 manticores
  2 centaur zombies
  Joseph (D:7)
  7 black mambas
  A torpor snail (Lair:3)
  3 molten gargoyles (Lair:6)
  11 spiny frogs
  A gargoyle (D:14)
  9 komodo dragons
  A rime drake (Lair:6)
  A tengu conjurer (D:12)
  2 kobold demonologists
  2 trolls
  Prince Ribbit (D:5)
  6 blink frogs
  A bog body (Lair:4)
  A hornet (D:14)
  6 hippogriffs
  5 dream sheep (Lair:1)
  A shadow (D:12)
  3 wyverns
  26 yaks
  A fire elemental (Lair:4)
  6 wraiths
  A hungry ghost (D:12)
  2 steam dragons
  4 basilisks
  5 vampire mosquitoes
  2 soldier ants
  5 wargs
  5 hell hounds (Lair:6)
  10 water moccasins
  3 porcupines
  2 phantoms
  3 sky beasts
  An eye of draining (D:10)
  3 ice beasts
  29 orc warriors
  A black bear (Lair:1)
  3 wolves (Lair:3)
  8 centaurs
  7 ogres
  16 crocodiles
  5 big kobolds
  16 bullfrogs
  A wyvern skeleton (D:14)
  2 scorpions
  16 killer bees
  7 wights
  3 howler monkeys
  3 electric eels
  6 lava snakes
  6 crimson imps
  4 hounds
  2 quasits
  A bullfrog zombie (D:12)
  17 orc priests
  6 jellies
  22 orc wizards
  A bullfrog skeleton (D:6)
  5 centaur skeletons
  6 iguanas
  10 worker ants
  2 killer bee zombies
  A hound skeleton (D:7)
  2 worker ant zombies (D:6)
  8 adders
  4 gnolls (D:6)
  A howler monkey skeleton (D:6)
  3 shadow imps
  3 oozes
  An adder zombie (D:6)
  An adder skeleton (D:6)
  A worm (D:2)
  3 dart slugs
  8 leopard geckos
  71 orcs
  A ball python (D:4)
  6 giant cockroaches
  2 gnoll zombies (D:5)
  3 hobgoblins
  16 jackals
  17 kobolds
  7 quokkas
  6 bats
  7 frilled lizards
  9 goblins
  4 rats
  7 fungi
  4 plants (Lair:3)
592 creatures vanquished.

Vanquished Creatures (others)
  A centaur skeleton (D:13)
  A spiny frog (Lair:6)
  2 humans (D:13)
  A blink frog (Lair:6)
  5 fungi
  18 plants
28 creatures vanquished.

Grand Total: 620 creatures vanquished

Notes
Turn   | Place    | Note
-------+----------+-------------------------------------------
     0 | D:1      | blacksnow the Minotaur Berserker began the quest for the
                  | Orb.
     0 | D:1      | Reached XP level 1. HP: 19/19 MP: 0/0
     2 | D:1      | Noticed a human
     4 | D:1      | Noticed a vine stalker
     4 | D:1      | Noticed a tengu
     6 | D:1      | Noticed a felid
     6 | D:1      | Noticed a demigod
     8 | D:1      | Noticed a spriggan
     8 | D:1      | Noticed a centaur
    10 | D:1      | Noticed a minotaur
    12 | D:1      | Noticed a naga
    12 | D:1      | Noticed a ghoul
    14 | D:1      | Noticed an ogre
    14 | D:1      | Noticed a vampire
    16 | D:1      | Noticed a dwarf
    18 | D:1      | Noticed a merfolk
    18 | D:1      | Noticed a halfling
    20 | D:1      | Noticed an elf
    20 | D:1      | Noticed a formicid
    22 | D:1      | Noticed a gargoyle
    22 | D:1      | Noticed a draconian
    24 | D:1      | Noticed a demonspawn
    24 | D:1      | Noticed a troll
    26 | D:1      | Noticed an octopode
   295 | D:1      | Reached XP level 2. HP: 27/27 MP: 1/1
   296 | D:1      | Reached skill level 4 in Axes
   686 | D:1      | Reached XP level 3. HP: 32/33 MP: 2/2
  1874 | D:3      | Reached ** piety under Trog
  1877 | D:3      | Reached XP level 4. HP: 36/40 MP: 3/3
  2014 | D:3      | Found a snail-covered altar of Cheibriados.
  2135 | D:3      | Noticed an ogre
  2140 | D:3      | Killed an ogre
  2140 | D:3      | Reached skill level 5 in Axes
  2140 | D:3      | Reached XP level 5. HP: 47/47 MP: 4/4
  2596 | D:4      | Noticed an ogre
  2605 | D:4      | Reached XP level 6. HP: 53/55 MP: 5/5
  2611 | D:4      | Reached skill level 5 in Fighting
  2611 | D:4      | Reached skill level 6 in Axes
  2625 | D:4      | Reached *** piety under Trog
  2853 | D:4      | Found a staircase to the Ecumenical Temple.
  3062 | D:5      | Entered Level 5 of the Dungeon
  3106 | D:5      | Reached XP level 7. HP: 35/61 MP: 6/6
  3349 | D:5      | Reached skill level 7 in Axes
  3451 | D:5      | Found Ovageh's Magic Scroll Shop.
  3499 | D:5      | Reached skill level 5 in Armour
  3635 | D:5      | Found a basalt altar of Yredelemnul.
  3881 | D:5      | Found a white marble altar of Elyvilon.
  3899 | D:5      | Reached skill level 8 in Axes
  3899 | D:5      | Reached skill level 5 in Dodging
  3899 | D:5      | Reached XP level 8. HP: 58/70 MP: 7/7
  4150 | D:6      | Noticed Prince Ribbit
  4177 | D:5      | Killed Prince Ribbit
  4177 | D:5      | Reached **** piety under Trog
  4571 | D:6      | Reached skill level 9 in Axes
  5158 | D:6      | Reached XP level 9. HP: 79/79 MP: 8/8
  5346 | D:6      | Found a shimmering blue altar of Sif Muna.
  5571 | D:7      | Noticed Joseph
  5589 | D:7      | Killed Joseph
  5589 | D:7      | Reached skill level 10 in Axes
  5661 | D:7      | Got a coiled zirconium amulet
  5663 | D:7      | Identified the amulet "Figrul Jida" {Harm *Drain rElec
                  | rPois rF++} (You found it on level 7 of the Dungeon)
  5902 | D:7      | Noticed Harold
  5913 | D:7      | Killed Harold
  5913 | D:7      | Reached ***** piety under Trog
  5913 | D:7      | Reached skill level 11 in Axes
  6166 | D:7      | Found a shadowy altar of Dithmenos.
  6409 | D:7      | Reached XP level 10. HP: 87/90 MP: 9/9
  6848 | D:8      | Found an opulent altar of Gozag.
  6937 | D:8      | Found a glowing golden altar of the Shining One.
  6942 | D:8      | Found a radiant altar of Vehumet.
  6942 | D:8      | Found a sparkling altar of Nemelex Xobeh.
  6946 | D:8      | Found a stormy altar of Qazlal.
  6947 | D:8      | Found a blossoming altar of Fedhas.
  6948 | D:8      | Found an ancient bone altar of Kikubaaqudgha.
  6965 | D:8      | Found a hazy altar of Hepliaklqana.
  7125 | D:9      | Upgraded the game from 0.24-a0-809-g71cb82dfb8 to
                  | 0.25-a0-2-g6559c6c67a
  7146 | D:9      | Noticed a two-headed ogre
  7156 | D:9      | Killed a two-headed ogre
  7432 | D:9      | Reached skill level 12 in Axes
  7660 | D:9      | Found a staircase to the Orcish Mines.
  7865 | D:9      | Found a shattered altar of Ashenzari.
  8130 | D:9      | Got a dazzling scale mail
  8143 | D:9      | Identified the +5 scale mail of Haalayvu {+Inv rC+ MP+9}
                  | (You found it on level 9 of the Dungeon)
  8154 | D:9      | Noticed a death knight
  8180 | D:9      | Killed a death knight
  8323 | D:10     | Entered Level 10 of the Dungeon
  8348 | D:10     | Killed an unseen horror
  8918 | D:10     | Noticed Snorg
  8929 | D:10     | Killed Snorg
  8929 | D:10     | Reached skill level 13 in Axes
  8929 | D:10     | Reached XP level 11. HP: 99/99 MP: 10/10
  8965 | D:10     | Reached skill level 10 in Fighting
  9008 | D:10     | Noticed Josephine
  9018 | D:10     | Killed Josephine
  9391 | D:10     | Got a crude hand axe
  9392 | D:10     | Identified the +7 hand axe of the Wary Coins {vamp, Fragile
                  | rPois Dex+9} (You found it on level 10 of the Dungeon)
  9683 | D:11     | Killed an unseen horror
  9683 | D:11     | Reached skill level 10 in Armour
 10145 | D:11     | Found a staircase to the Lair.
 10575 | D:12     | Reached skill level 14 in Axes
 10607 | D:12     | Reached ****** piety under Trog
 10637 | D:12     | Received a gift from Trog
 10911 | D:12     | Noticed a cyan ugly thing
 10921 | D:12     | Killed a cyan ugly thing
 11134 | D:12     | Got a translucent lead ring
 11136 | D:12     | Identified the ring of Secorah {Fire rPois MR- MP+9 Dex+3}
                  | (You found it on level 12 of the Dungeon)
 11193 | D:12     | Noticed a two-headed ogre
 11198 | D:12     | Killed a two-headed ogre
 11198 | D:12     | Reached skill level 10 in Dodging
 11198 | D:12     | Reached XP level 12. HP: 63/110 MP: 9/11
 11729 | Lair:1   | Entered Level 1 of the Lair of Beasts
 11980 | Lair:1   | Reached skill level 1 in Throwing
 12357 | Lair:1   | Reached skill level 15 in Axes
 13038 | Lair:2   | Noticed a six-headed hydra
 13052 | Lair:2   | Killed a six-headed hydra
 13504 | Lair:2   | Found a hole to the Spider Nest.
 13885 | Lair:3   | Noticed a five-headed hydra
 13895 | Lair:3   | Killed a five-headed hydra
 14153 | Lair:3   | Noticed Nergalle
 14162 | Lair:3   | Killed Nergalle
 14293 | Lair:3   | Noticed Gastronok
 14302 | Lair:3   | Killed Gastronok
 14302 | Lair:3   | Reached skill level 5 in Throwing
 14454 | Lair:3   | Reached XP level 13. HP: 112/118 MP: 10/12
 14461 | Lair:3   | Received a gift from Trog
 14461 | Lair:3   | Reached skill level 16 in Axes
 15868 | Lair:4   | Noticed SkaryMonk's ghost (journeyman OgIE)
 15882 | Lair:4   | Noticed a minotaur
 15894 | Lair:4   | Found a runed translucent gate.
 15894 | Lair:4   | Found a runed translucent gate.
 15894 | Lair:4   | Found a runed translucent gate.
 15945 | Lair:4   | Found a gate leading to a gauntlet.
 15964 | Gauntlet | Entered a Gauntlet
 15964 | Gauntlet | Found a transporter.
 15971 | Gauntlet | Found a transporter.
 15973 | Gauntlet | Found a transporter.
 15989 | Gauntlet | Found a transporter.
 15991 | Gauntlet | Found a transporter.
 16004 | Gauntlet | Found a transporter.
 16018 | Gauntlet | Noticed an entropy weaver
 16021 | Gauntlet | Found a transporter.
 16031 | Gauntlet | Found a transporter.
 16033 | Gauntlet | Noticed a reaper
 16041 | Gauntlet | Found a transporter.
 16057 | Gauntlet | Found a transporter.
 16068 | Gauntlet | Found a transporter.
 16071 | Gauntlet | Found a transporter.
 16085 | Gauntlet | Found a runed translucent door.
 16127 | Lair:4   | Found a staircase to the Swamp.
 16619 | Lair:4   | Got a translucent hunting sling
 16838 | Lair:4   | Identified the cursed +2 hunting sling of Jalutun {freeze,
                  | +Blink rN+ Str+2} (You found it on level 4 of the Lair of
                  | Beasts)
 16917 | Lair:5   | Found the -2 hat of the Alchemist {rElec rPois rF+ rC+ rN+
                  | MR+ rMut rCorr}
 16964 | Lair:5   | Got a smoking dagger
 17794 | Lair:6   | Entered Level 6 of the Lair of Beasts
 17842 | Lair:6   | Upgraded the game from 0.25-a0-2-g6559c6c67a to
                  | 0.25-a0-21-ga5a8db46c7
 18235 | Lair:6   | Noticed a fire dragon
 18293 | Lair:6   | Received a gift from Trog
 18328 | Lair:6   | Found a large runed translucent door.
 18328 | Lair:6   | Found a large runed translucent door.
 18633 | Lair:6   | Reached skill level 17 in Axes
 18762 | Lair:6   | Found a staircase to the Slime Pits.
 18900 | Lair:6   | Received a gift from Trog
 19552 | Orc:1    | Entered Level 1 of the Orcish Mines
 20053 | Orc:2    | Entered Level 2 of the Orcish Mines
 20092 | Orc:2    | Reached XP level 14. HP: 127/129 MP: 10/13
 20858 | Orc:2    | Paralysed by an orc sorcerer for 4 turns
 20978 | Orc:2    | Received a gift from Trog
 21514 | Orc:2    | Noticed Urug
 21539 | Orc:2    | Killed Urug
 21695 | Orc:2    | Noticed Saint Roka
 21730 | Orc:2    | Killed Saint Roka
 22121 | Orc:2    | Found a roughly hewn altar of Beogh.
 22372 | Orc:2    | Found Ascheboss's General Store.
 22380 | Orc:2    | Found Xead Yro's Jewellery Boutique.
 22450 | Orc:2    | Found Ramysso's Antique Armour Boutique.
 22494 | Orc:2    | Found Woewu's Antique Weapon Boutique.
 22703 | Orc:2    | Found a staircase to the Elven Halls.
 22875 | D:12     | Upgraded the game from 0.25-a0-21-ga5a8db46c7 to
                  | 0.25-a0-35-g747a2b3c0c
 23004 | D:12     | Identified a scroll of acquirement
 23007 | D:12     | Got a distressingly furry hat
 23020 | D:12     | Identified the -2 hat "Quhuw" {rElec Regen+ rCorr Dex-3}
                  | (You acquired it on level 12 of the Dungeon)
 23167 | D:13     | Received a gift from Trog
 23661 | D:13     | Found Hoikh's Antique Weapon Shop.
 23680 | D:13     | Noticed Kirke
 23716 | D:13     | Killed Kirke
 23716 | D:13     | Received a gift from Trog
 24137 | D:13     | Got a shimmering triple sword {god gift}
 24158 | D:13     | Found a runed translucent gate.
 24158 | D:13     | Found a runed translucent gate.
 24160 | D:13     | Found a runed translucent gate.
 24161 | D:13     | Noticed Xygycw's ghost (journeyman GrFi)
 24593 | D:14     | Reached skill level 10 in Throwing
 24691 | D:14     | Reached skill level 18 in Axes
 24999 | D:14     | Found a gate to the Vaults.
 25044 | D:14     | HP: 6/130 [catoblepas (6)]
 25045 | D:14     | Mangled by a catoblepas

Levels and vault maps discovered:
D:1:      kb_arrival_jail, layout_loops_cross
D:2:      layout_basic
D:3:      layout_loops_ring, cheibriados_altar_1, kennysheep_generic_room_16
D:4:      layout_cave_pools, minmay_temple_entry_nine_rooms, first_ration
D:5:      layout_loops_ring, kennysheep_mini_moat,
          lemuel_zombie_altar_yredelemnul, serial_shops, shop,
          due_unseen_surprise
D:6:      layout_basic, lemuel_coloured_pillars_altar,
          cheibrodos_sewer_entry_sluice, uniq_prince_ribbit1
D:7:      layout_basic, nicolae_dithmenos_shadow_blocks, minivault_1,
          uniq_harold, uniq_joseph
D:8:      layout_rooms, overflow_temple_1_default, minitemple,
          nicolae_overflow_crystal_walls
D:9:      minmay_tri_box, layout_gridville, basic_altar
D:10:     layout_irregular_city, blue_anna_alchemist [blue_anna_fruit_fields,
          blue_anna_fruit_fields], chequers_serial_rivers_large_a,
          hangedman_decor_opposing, uniq_josephine, uniq_snorg
D:11:     layout_loops_corners, lair_entry_dummy
D:12:     layout_cave_pods
D:13:     layout_gridville, gammafunk_ghost_hydra_chop, serial_shops,
          nicolae_shop_waterfront, kennysheep_generic_room_10, uniq_kirke
D:14:     layout_big_octagon, erik_vaults_2, gammafunk_ghost_hive, serial_shops,
          shop, kennysheep_cluttered_room
Lair:1:   layout_regular_city, minmay_lair_oklob_chamber, grunt_megastairs_2,
          serial_bayou_shore_b, lemuel_fruit_tree
Lair:2:   minmay_lair_oklob_tunnel, layout_gridlike, dummy_spider_entry,
          st_stairs_7
Lair:3:   layout_cave_pods, serial_bayou_lagoon_a, minmay_shattered_shrine,
          grunt_megastairs_4, uniq_nergalle, uniq_gastronok
Lair:4:   layout_gridlike, skrybe_swamp_entry_bodies, gauntlet_entry_generic,
          maelrawn_ghost_gauntlet_escape, patterned_corridor
Lair:5:   layout_cave_pods, grunt_megastairs_5
Lair:6:   cheibrodos_lair_end_hotspot, layout_hall_layers,
          nicolae_slime_entry_slimehenge, serial_bayou_ford_a,
          hangedman_lair_generics_rect
Orc:1:    layout_diamond_mine
Orc:2:    grunt_orc_cross, layout_diamond_mine

Skill      XL: |  1  2  3  4  5  6  7  8  9 10 11 12 13 14 |
---------------+-------------------------------------------+-----
Axes           | 4 5 6 8 9 11 13 14 15 17 18 | 18.3
Fighting       | 4 5 6 7 8 9 11 12 13 | 13.8
Armour         | 3 4 5 6 8 9 10 11 12 13 | 13.6
Dodging        | 3 4 5 6 7 8 10 11 12 | 12.6
Throwing       | 5 8 10 | 10.5

Action                   |  1- 3 |  4- 6 |  7- 9 | 10-12 | 13-15 || total
-------------------------+-------+-------+-------+-------+-------++-------
Melee: Hand axe          |    68 |   104 |   255 |   189 |     3 ||   619
       Headbutt          |    13 |    16 |    51 |   106 |   136 ||   322
       Mace              |    23 |       |       |       |       ||    23
       Battleaxe         |       |       |       |   199 |   459 ||   658
       Flail             |       |       |       |    10 |    15 ||    25
       Unarmed           |       |       |       |       |    26 ||    26
Throw: Boomerang         |    12 |    44 |    66 |    30 |    56 ||   208
Invok: Berserk           |       |     2 |     4 |     7 |     2 ||    15
  Use: Scroll            |     6 |       |    10 |     3 |    11 ||    30
       Potion            |       |       |       |     3 |     9 ||    12
 Stab: Petrified         |       |       |       |       |     6 ||     6
       Petrifying        |       |       |       |       |     1 ||     1
  Eat: Chunk             |     1 |     4 |    11 |    14 |     4 ||    34
       Ration            |     1 |       |     1 |     6 |     9 ||    17
Armor: Animal skin       |     6 |       |       |       |       ||     6
       Chain mail        |    24 |    45 |    61 |       |       ||   130
       Ring mail         |     4 |       |    23 |    23 |       ||    50
       Plate armour      |       |       |    49 |       |       ||    49
       Scale mail        |       |       |       |   144 |   159 ||   303
Dodge: Dodged            |    43 |    46 |   148 |   317 |   438 ||   992

Table legend:
 A = Non-vault XP
 B = Vault XP
 C = Vault XP percentage of total XP
 D = Non-vault monster count
 E = Vault monster count
 F = Vault count percentage of total count
                 A         B        C        D         E       F
            +---------+---------+-------+---------+---------+-------
      Total |   52162 |   45356 |  46.5 |     454 |     127 |  21.9
            +---------+---------+-------+---------+---------+-------
        D:1 |      47 |       0 |   0.0 |      22 |       0 |   0.0
        D:2 |      26 |       0 |   0.0 |       6 |       0 |   0.0
        D:3 |     177 |      36 |  16.9 |      25 |       2 |   7.4
        D:4 |     308 |       0 |   0.0 |      17 |       0 |   0.0
        D:5 |     917 |     287 |  23.8 |      36 |       3 |   7.7
        D:6 |    1102 |       2 |   0.2 |      37 |       2 |   5.1
        D:7 |    1383 |    1425 |  50.7 |      20 |       2 |   9.1
        D:8 |     681 |       0 |   0.0 |      18 |       0 |   0.0
        D:9 |    2787 |    1462 |  34.4 |      23 |       5 |  17.9
       D:10 |    2121 |    3363 |  61.3 |      23 |       8 |  25.8
       D:11 |    1466 |       0 |   0.0 |      11 |       0 |   0.0
       D:12 |    6949 |       0 |   0.0 |      37 |       0 |   0.0
       D:13 |    2693 |    2964 |  52.4 |      14 |       3 |  17.6
       D:14 |    5116 |    6970 |  57.7 |      26 |       7 |  21.2
     Lair:1 |    3404 |     145 |   4.1 |      13 |       1 |   7.1
     Lair:2 |    3338 |     478 |  12.5 |      13 |       2 |  13.3
     Lair:3 |    6566 |    8718 |  57.0 |      27 |      17 |  38.6
     Lair:4 |    2132 |     262 |  10.9 |      12 |       1 |   7.7
     Lair:5 |    1262 |     597 |  32.1 |       5 |       4 |  44.4
     Lair:6 |    4933 |    6943 |  58.5 |      22 |      31 |  58.5
      Orc:1 |    1933 |       0 |   0.0 |      24 |       0 |   0.0
      Orc:2 |    2821 |   11704 |  80.6 |      23 |      39 |  62.9
            +---------+---------+-------+---------+---------+-------
